 Dungeon Crawl Stone Soup version 0.26-a0-652-gafc20e3620 (webtiles) character file.

Game seed: 18184583857928308883

326 jasper the Covert (level 6, -8/44 HPs)
             Began as a Vampire Gladiator on Oct 1, 2020.
             Killed by divine providence
             ... invoked by an orc priest
              (17 damage)
             ... on level 5 of the Dungeon.
             The game lasted 00:04:30 (3730 turns).

jasper the Covert (Vampire Gladiator)               Turns: 3730, Time: 00:04:31

Health: -8/44      AC:  7    Str: 15    XL:     6   Next: 24%
Magic:  6/6        EV: 12    Int: 10    God:
Gold:   177        SH:  0    Dex: 16    Spells: 5/5 levels left

rFire    + . .     SeeInvis +   a - +0 quarterstaff
rCold    + . .     Faith    .   (shield currently unavailable)
rNeg     . . .     Spirit   .   d - +0 ring mail
rPois    +         Reflect  .   c - +0 helmet
rElec    +         Harm     .   u - +0 cloak
rCorr    +         Rampage  .   (no gloves)
MR       .....                  (no boots)
Stlth    +++.......             t - amulet of regeneration
HPRegen  0.74/turn              r - ring of flight
MPRegen  0.10/turn              (no ring)

@: resistant, regenerating quickly
A: fangs 3, see invisible, unbreathing
a: Exsanguinate, Evoke Flight


You were on level 5 of the Dungeon.
You visited 1 branch of the dungeon, and saw 5 of its levels.

You collected 177 gold pieces.

Inventory:

Hand Weapons
 a - a +0 quarterstaff (weapon)
 n - a +1 halberd of venom
Armour
 b - a +0 leather armour
 c - a +0 helmet (worn)
 d - a +0 ring mail (worn)
 u - a +0 cloak (worn)
Jewellery
 r - a ring of flight (left hand)
 t - an amulet of regeneration (around neck)
Scrolls
 g - 5 scrolls of teleportation {unknown}
 h - 2 scrolls of remove curse {unknown}
 i - 2 scrolls of identify {unknown}
 k - a scroll of blinking {unknown}
 l - a scroll of immolation {unknown}
 p - 3 scrolls of enchant weapon {unknown}
Potions
 e - a potion of flight {unknown}
 f - 2 potions of heal wounds {unknown}
 j - a potion of resistance
 m - 3 potions of curing {unknown}
 o - a potion of might {unknown}
 q - a potion of invisibility {unknown}
 s - 2 potions of ambrosia {unknown}


   Skills:
 - Level 1.7 Fighting
 - Level 3.5 Staves
 - Level 1.5 Throwing
 - Level 0.6 Armour
 - Level 3.2 Dodging
 + Level 8.3 Stealth


You had 5 spell levels left.
You didn't know any spells.
Your spell library contained the following spells:

 Spells                   Type           Power        Failure   Level
 Confusing Touch          Hex            #.......     92%         3
 Gell's Gravitas          Tloc           #.........   92%         3
 Petrify                  Tmut/Erth      #.......     100%        4
 Metabolic Englaciation   Hex/Ice        #.........   100%        5
 Yara's Violent Unravell  Hex/Tmut       #.........   100%        5


Dungeon Overview and Level Annotations

Branches:
Dungeon (5/15)
 Temple: D:4-7

Altars:
Kikubaaqudgha
Nemelex Xobeh
Qazlal
Sif Muna
Uskayaw

Annotations:
D:3 1 runed translucent door, Crazy Yiuf


Innate Abilities, Weirdness & Mutations

Your natural rate of healing is unusually fast.
You have razor-sharp teeth.
You have supernaturally acute eyesight. (SInv)
You can survive without breathing.


Message History

Unknown command.
The centaur shoots an arrow.
The arrow hits you but does no damage.
The centaur shoots an arrow.
The arrow hits you!
* * * LOW HITPOINT WARNING * * *
Things that are here:
2 arrows; a +0 mace; an orc corpse The centaur unwields a +0 shortbow.
The centaur closely misses you.
You see here an arrow.
You barely miss the centaur.
The orc wizard hits you but does no damage.
The centaur closely misses you. The orc priest closely misses you.
The orc wizard casts a spell.
The orc wizard blinks!
The centaur hits you.
* * * LOW HITPOINT WARNING * * *
Unknown command.
It was a potion of resistance.
You feel protected.
The orc priest calls down the wrath of Beogh upon you.
Beogh smites you!
You die...

....# ###.# ..#.#
#.#.######## #..........#
########## ....######.#
#..)o....# ##### #.#
#####.c(Z....# # #.#
#c§o#..♣♣♣♣..# ## ##.#
#@#('..♣ .## ##..#
#(#.'..♣ ..## ##..##
#o###..♣
...####...######.###....
...'.>.............#......
...####...################
..## ##..# .## ##.## ##
#..#


You could see a centaur, an orc priest and an orc wizard (fast).

Vanquished Creatures
  An orc priest (D:4)
  A bullfrog skeleton (D:4)
  Terence (D:3)
  A worker ant (D:4)
  4 gnolls
  6 adders
  2 oozes (D:1)
  2 dart slugs
  3 leopard geckos
  20 orcs
  7 bats
  4 giant cockroaches
  8 hobgoblins
  6 jackals (D:1)
  7 kobolds
  2 quokkas (D:2)
  4 frilled lizards
  6 goblins
  A leopard gecko skeleton (D:4)
  9 rats
95 creatures vanquished.

Notes
Turn   | Place    | Note
-------+----------+-------------------------------------------
     0 | D:1      | jasper the Vampire Gladiator began the quest for the Orb.
     0 | D:1      | Reached XP level 1. HP: 16/16 MP: 1/1
   106 | D:1      | Reached XP level 2. HP: 18/22 MP: 2/2
   440 | D:1      | Reached XP level 3. HP: 15/27 MP: 3/3
   712 | D:2      | Reached skill level 1 in Stealth
   782 | D:2      | Reached skill level 2 in Stealth
   898 | D:2      | Reached XP level 4. HP: 26/33 MP: 4/4
   957 | D:2      | Reached skill level 3 in Stealth
  1361 | D:2      | Reached skill level 4 in Stealth
  1660 | D:3      | Found a hide-covered altar of Uskayaw.
  1690 | D:3      | Found a runed translucent door.
  1691 | D:3      | Noticed Crazy Yiuf
  1772 | D:3      | Reached skill level 5 in Stealth
  1927 | D:3      | Reached XP level 5. HP: 27/38 MP: 5/5
  2128 | D:3      | Reached skill level 6 in Stealth
  2492 | D:3      | Found a sparkling altar of Nemelex Xobeh.
  2521 | D:3      | Noticed Terence
  2533 | D:3      | Killed Terence
  2673 | D:3      | Found a shimmering blue altar of Sif Muna.
  2879 | D:4      | Found an ancient bone altar of Kikubaaqudgha.
  2910 | D:4      | Found a stormy altar of Qazlal.
  3076 | D:4      | Reached skill level 7 in Stealth
  3161 | D:4      | Reached XP level 6. HP: 44/44 MP: 6/6
  3326 | D:4      | Reached skill level 8 in Stealth
  3517 | D:5      | Entered Level 5 of the Dungeon
  3730 | D:5      | Killed from afar by an orc priest

Illustrated notes

Levels and vault maps discovered:
D:1:      heliophobic_arrival_glass_houses, layout_basic
D:2:      layout_loops_corners, kennysheep_generic_room_5
D:3:      layout_loops_cross, overflow_temple_1_default, lemuel_crystal_altar,
          eat_drink_and_be_merry_uskayaw, grunt_ministairs_13, uniq_terence,
          uniq_crazy_yiuf_cottage
D:4:      layout_gridville, kennysheep_mini, lemuel_doored_altar,
          chequers_serial_rivers_large_a
D:5:      layout_loops_corners, lemuel_crystal_altar, kennysheep_generic_room_6,
          uniq_blork_the_orc, uniq_grinder

Skill      XL: |  1  2  3  4  5  6 |
---------------+-------------------+-----
Staves         | 3 |  3.5
Stealth        | 2 5 7 8 |  8.3
Fighting       | |  1.7
Throwing       | |  1.5
Armour         | |  0.6
Dodging        | |  3.2

Action                   |  1- 3 |  4- 6 || total
-------------------------+-------+-------++-------
Melee: Quarterstaff      |   100 |   236 ||   336
       Bite              |     6 |    22 ||    28
Throw: Throwing net      |       |     4 ||     4
  Use: Potion            |       |     1 ||     1
 Stab: Sleeping          |     2 |    12 ||    14
Armor: Leather armour    |    37 |    40 ||    77
       Ring mail         |       |    21 ||    21
Dodge: Dodged            |   100 |   182 ||   282

Table legend: (Time is in decaauts)
 A = Elapsed time spent in this place.
 B = Non-inter-level travel time spent in this place.
 C = Inter-level travel time spent in this place.
 D = Time resting spent in this place.
 E = Time spent auto-exploring this place.
 F = Levels seen in this place.
 G = Mean time per level.
                   A        B        C        D        E       F      G
               +--------+--------+--------+--------+--------+-----+--------+
         Total |   3784 |   3627 |    157 |    334 |   2518 |   5 |  756.8 |
       Dungeon |   3784 |   3627 |    157 |    334 |   2518 |   5 |  756.8 |
               +--------+--------+--------+--------+--------+-----+--------+

Top non-repeatable levels by time:
     D:2: 1129 daAuts
     D:3: 1069 daAuts
     D:1: 688 daAuts
     D:4: 681 daAuts
     D:5: 214 daAuts
